 Dungeon Crawl Stone Soup version 0.28-a0-706-gf6f64a616a (webtiles) character file.

Game seed: 15340612594033485219

0 spiderkeys the Ducker (level 1, 0/13 HPs)
             Began as a Deep Elf Abyssal Knight on Oct 25, 2021.
             Was a Follower of Lugonu.
             Constricted to death by a starspawn tentacle (2 damage)
             ... attached to a tentacled starspawn
             ... on level 1 of the Abyss.
             The game lasted 00:00:23 (55 turns).

spiderkeys the Ducker (Deep Elf Abyssal Knight)       Turns: 55, Time: 00:00:24

Health: 0/13       AC:  3    Str: 10    XL:     1   Next: 0%
Magic:  0/4        EV:  9    Int: 14    God:    Lugonu [*.....]
Gold:   0          SH:  0    Dex: 15    Spells: 0/0 levels left

rFire   . . .      SeeInvis .   a - +1 falchion
rCold   . . .      Faith    .   (no shield)
rNeg    . . .      Spirit   +   b - +0 leather armour
rPois   .          Reflect  .   (no helmet)
rElec   .          Harm     .   (no cloak)
rCorr   .          Rampage  .   (no gloves)
Will    .....                   (no boots)
Stlth   +.........              G - amulet of guardian spirit
HPRegen 0.04/turn               (no ring)
MPRegen 0.09/turn               (no ring)

@: constricted
A: no striking features
a: Renounce Religion, Depart the Abyss


You were on level 1 of the Abyss.
You worshipped Lugonu.
Lugonu was aware of your devotion.
You visited 0 branches of the dungeon, and saw 0 of its levels.
You visited the Abyss 1 time.


   Skills:
 + Level 2.4 Fighting
 + Level 1.7 Long Blades
 + Level 0.7 Armour
 + Level 2.4 Dodging
 + Level 2.0 Invocations


You couldn't memorise any spells.
You didn't know any spells.
Your spell library was empty.

Inventory:

Hand Weapons
 a - a +1 falchion (weapon)
Missiles
 c - 22 stones
Armour
 b - a +0 leather armour (worn)
Jewellery
 G - an amulet of guardian spirit (around neck)
   (You found it on level 1 of the Abyss)

Dungeon Overview and Level Annotations

Branches:
Dungeon (0/15)

Altars:

##...#....─...≈≈♣≈≈..
.#......../##...≈≈≈≈≈
. ........./.##│..≈ ≈
≈ . #... ../.X─X....≈
≈≈≈. ##...#│.4│......
≈≈≈ ≈
##.##w.Λ│.......≈≈≈≈
##...#./w\........ ≈
..#....4w...\.......
.......@.....\...
.?#.........##│...
##...#....# │..
##.##...X──. ..
#....... ...
......... ...
......... .#..
.......


You could see 2 tentacled starspawn, a large abomination, a hellwing, a rust
devil and 3 starspawn tentacles.


Message History

🤖 Initializing magus.rc ... ✅ Successfully initialized magus.rc [v1.9.10] Welcome, spiderkeys the Deep Elf Abyssal Knight.
The heart of this dungeon contains the marvelous artefact, the Orb of Zot.
Lugonu says: Depart the Abyss and spread corruption, my servant! (use the ability menu to exit the Abyss) Press ? for a list of commands and other information.
Found a corrupted altar of Lugonu.
G - an amulet of guardian spirit You start putting on your amulet.
You continue putting on your amulet of guardian spirit. x5
You finish putting on your amulet of guardian spirit.
You feel your power drawn to a protective spirit.
G - an amulet of guardian spirit (around neck)
c - 22 stones
Found a broken altar of Ashenzari.
A small abomination comes into view.
Tentacles burst from the starspawn's body! 2 starspawn tentacles come into view.
The starspawn tentacle closely misses you.
The starspawn tentacle grabs you.
The starspawn tentacle constricts you. 😕 HP[-2] MP[-1]
You take 2 damage, and now have 11/13 hp.
You lost 1 mp, and now have 3/4 mp.
You escape the starspawn tentacle's grasp.
The starspawn tentacle completely misses you.
The starspawn tentacle grabs you. The starspawn tentacle constricts you.
The starspawn tentacle loses its grip on you.
The tentacle pulls you backwards!
A starspawn tentacle segment comes into view. 😮 HP[-2] MP[-1]
You take 2 damage, and now have 9/13 hp.
You lost 1 mp, and now have 2/4 mp.
Unknown command.
You enter the shallow water.
Moving in this stuff is going to be slow.
The starspawn tentacle grabs you.
The starspawn tentacle constricts you. 😮 HP[-2] MP[-1]
You take 2 damage, and now have 7/13 hp.
You lost 1 mp, and now have 1/4 mp.
You escape the starspawn tentacle's grasp.
A tentacle flies out from the starspawn's body!
A starspawn tentacle comes into view.
A hellwing comes into view.
The hellwing gives a chilling moan.
The starspawn tentacle completely misses you. 😮 HP[+1]
A tentacled starspawn comes into view.
The hellwing swoops through the air toward you!
The hellwing closely misses you. The hellwing hits you!
* * * LOW HITPOINT WARNING * * *
A tentacle flies out from the starspawn's body!
A starspawn tentacle comes into view. 😱 HP[-6]
You take 6 damage, and now have 2/13 hp.
MASSIVE DAMAGE!! (PAUSE)
A starspawn tentacle comes into view.
A starspawn tentacle comes into view.
The starspawn tentacle grabs you. The starspawn tentacle constricts you.
You die...

Action                   || total
-------------------------++-------
Dodge: Dodged            ||     4

Levels and vault maps discovered:
Abyss:1:  base: Temple, base:
Temple

Notes
Turn   | Place    | Note
-------+----------+-------------------------------------------
     0 | Abyss:1  | spiderkeys the Deep Elf Abyssal Knight began the quest for
                  | the Orb.
     0 | Abyss:1  | Reached XP level 1. HP: 13/13 MP: 4/4
     0 | Abyss:1  | magus.rc [v1.9.10]
    35 | Abyss:1  | Found a broken altar of Ashenzari.
    35 | Abyss:1  | Noticed a rust devil
    35 | Abyss:1  | Noticed a tentacled starspawn
    35 | Abyss:1  | Noticed a large abomination
    36 | Abyss:1  | Noticed a small abomination
    47 | Abyss:1  | Noticed a hellwing
    49 | Abyss:1  | Noticed a tentacled starspawn
    49 | Abyss:1  | HP: 2/13 [hellwing (6)]
    55 | Abyss:1  | Constricted to death by a starspawn tentacle

Vanquished Creatures (others)
  3 starspawn tentacles (Abyss:1)
3 creatures vanquished.

Table legend:
 A = Non-vault XP
 B = Vault XP
 C = Vault XP percentage of total XP
 D = Non-vault monster count
 E = Vault monster count
 F = Vault count percentage of total count
                 A         B        C        D         E       F
            +---------+---------+-------+---------+---------+-------
      Total |       0 |       0 |   N/A |       0 |       0 |  -nan
            +---------+---------+-------+---------+---------+-------
            +---------+---------+-------+---------+---------+-------

Illustrated notes

Table legend: (Time is in decaauts)
 A = Elapsed time spent in this place.
 B = Non-inter-level travel time spent in this place.
 C = Inter-level travel time spent in this place.
 D = Time resting spent in this place.
 E = Time spent auto-exploring this place.
 F = Levels seen in this place.
 G = Mean time per level.
                   A        B        C        D        E       F      G
               +--------+--------+--------+--------+--------+-----+--------+
         Total |     56 |     56 |      0 |      0 |      0 |   1 |   56.0 |
         Abyss |     56 |     56 |      0 |      0 |      0 |   1 |   56.0 |
               +--------+--------+--------+--------+--------+-----+--------+

Top non-repeatable levels by time:
 Abyss:1: 56 daAuts
